[Event "Titled Tuesday Blitz January 31 Late 2023"]
[White "Omelja, Artem"]
[Black "Olsson, William"]
[WhiteFideId "14119846"]
[BlackFideId "1741721"]
[WhiteElo "2446"]
[BlackElo "2355"]
[Result "0-1"]
[Round "01"]
[TimeControl "180+2"]
[Date "2023.01.31"]
[WhiteClock "0:00:06"]
[BlackClock "0:00:19"]

1. e4 c5 2. Nf3 d6 3. Bb5+ Nd7 4. a4 Nf6 5. Qe2 g6 6. O-O Bg7 7. c3 O-O 8. d4 e5 9. dxe5 dxe5 10. Rd1 Qc7 11. Nbd2 a6 12. Bc4 b6 13. Bb3 Bb7 14. Bc2 Rfd8 15. Nf1 Nf8 16. Bg5 Rxd1 17. Rxd1 Ne6 18. Bc1 Rd8 19. Rxd8+ Qxd8 20. N1d2 Nf4 21. Qe3 Ng4 22. Qe1 Nd3 23. Bxd3 Qxd3 24. h3 Nh6 25. Qf1 Qxf1+ 26. Kxf1 f6 27. Ke2 Nf7 28. Nc4 b5 29. axb5 axb5 30. Ncd2 Nd6 31. Kd3 c4+ 32. Ke2 Nxe4 33. Nxe4 Bxe4 34. g3 Kf7 35. Nd2 Bd5 36. h4 h5 37. Nf1 Ke6 38. Be3 f5 39. Bg5 Be4 40. f4 Bd3+ 41. Kf2 Bxf1 42. Kxf1 e4 43. Bd8 Bf8 44. Ke2 Bc5 45. Bc7 b4 46. Ba5 b3 47. Bd8 Ba3 48. Kd2 Bxb2 49. Ba5 Ba3 50. Bb6 Kd5 51. Be3 b2 52. Kc2 Bc5 53. Bd2 e3 54. Be1 Ke4 55. Kb1 Kf3 56. Kxb2 Ke2 0-1


[Site "https://www.chess.com"]

[Event "Titled Tuesday Blitz January 31 Late 2023"]
[White "Sohier, Julien"]
[Black "Richter, Paul"]
[WhiteFideId "645346"]
[BlackFideId "2046350"]
[WhiteElo "2214"]
[BlackElo "2171"]
[Result "1-0"]
[Round "01"]
[TimeControl "180+2"]
[Date "2023.01.31"]
[WhiteClock "0:00:15"]
[BlackClock "0:00:02"]

1. e4 c5 2. Nc3 a6 3. Nf3 b5 4. g3 Bb7 5. Bg2 b4 6. Na4 e6 7. d4 Bxe4 8. Nxc5 Bxc5 9. dxc5 Qa5 10. Qd4 Nf6 11. O-O Nc6 12. Qd6 h6 13. Bf4 Qd8 14. Rad1 Bxc2 15. Rc1 Be4 16. Rfe1 Bd5 17. Ne5 Bxg2 18. Kxg2 Rc8 19. Red1 Nxe5 20. Bxe5 Qe7 21. Qxa6 Rc6 22. Qa8+ Qd8 23. Qxc6 dxc6 24. Rxd8+ Kxd8 25. Rc4 Nd5 26. Bxg7 Rh7 27. Be5 f5 28. a3 bxa3 29. bxa3 Ra7 30. a4 Ke8 31. Kh3 Kf7 32. Kh4 Rb7 33. a5 Ra7 34. Ra4 Ra6 35. Kh5 Ne7 36. Kxh6 Ng6 37. Bd6 Kf6 38. f4 Ra8 39. Be5+ Nxe5 40. fxe5+ Kxe5 41. Kg5 Kd5 42. Kf6 Rf8+ 43. Ke7 Ra8 44. a6 e5 45. Kf6 f4 46. gxf4 exf4 47. Rxf4 Rxa6 48. Rf5+ Kd4 49. h4 Ra2 50. h5 Rh2 51. Kg6 Ke4 52. Rg5 Kd4 53. h6 Rh1 54. h7 Rh2 55. Kg7 1-0


[Site "https://www.chess.com"]

[Event "Titled Tuesday Blitz January 31 Late 2023"]
[White "Kim, Sergey"]
[Black "Sailer, Mike"]
[WhiteFideId "13700570"]
[BlackFideId "2012901"]
[WhiteElo "2295"]
[BlackElo "2109"]
[Result "0-1"]
[Round "01"]
[TimeControl "180+2"]
[Date "2023.01.31"]
[WhiteClock "0:01:24"]
[BlackClock "0:00:08"]

1. d4 d5 2. c4 Bf5 3. Nc3 e6 4. Nf3 Nc6 5. a3 Nf6 6. Bg5 Be7 7. e3 O-O 8. cxd5 exd5 9. Bd3 Ne4 10. Bxe7 Nxe7 11. Rc1 c6 12. O-O Nxc3 13. Rxc3 Bxd3 14. Qxd3 Nc8 15. Nd2 Nd6 16. b4 f5 17. Re1 a6 18. a4 Rf6 19. f3 Qd7 20. Nb3 Nc4 21. Nc5 Qc7 22. e4 fxe4 23. fxe4 Raf8 24. e5 Rg6 25. Qe2 b6 26. Nxa6 Qc8 27. b5 cxb5 28. axb5 Qd7 29. Rxc4 dxc4 30. Qxc4+ Kh8 31. e6 Qb7 32. Qc6 Qe7 33. Nc7 Qf6 34. Qc1 Qf2+ 35. Kh1 Qxg2# 0-1


[Site "https://www.chess.com"]

[Event "Titled Tuesday Blitz January 31 Late 2023"]
[White "Harish, Neeraj"]
[Black "Bayo Milagro, Alvaro"]
[WhiteFideId "30958130"]
[BlackFideId "22275240"]
[WhiteElo "2232"]
[BlackElo "2287"]
[Result "0-1"]
[Round "01"]
[TimeControl "180+2"]
[Date "2023.01.31"]
[WhiteClock "0:00:07"]
[BlackClock "0:01:00"]

1. e4 e5 2. Nf3 Nc6 3. Bc4 Nf6 4. d3 Be7 5. O-O O-O 6. Nc3 d6 7. a4 Na5 8. Ba2 c5 9. Bg5 Nc6 10. Bxf6 Bxf6 11. Nd5 Be6 12. c3 g6 13. Qd2 Bg7 14. b4 Ne7 15. Rab1 Nxd5 16. Bxd5 Bxd5 17. exd5 b6 18. Qe2 cxb4 19. cxb4 Rc8 20. Rfc1 Qd7 21. Nd2 Qxa4 22. Nc4 Qd7 23. b5 Rc5 24. Qa2 Rfc8 25. h3 Bh6 26. Rd1 Bf8 27. Qa4 Rxd5 28. Ra1 Rc7 29. Rab1 Rdc5 30. Qb3 Bg7 31. Ne3 d5 32. g3 h5 33. Kg2 Bf6 34. h4 Kg7 35. Rd2 d4 36. Nc4 e4 37. Ra2 exd3 38. Nd2 Rc2 39. Qxd3 Rxa2 0-1


[Site "https://www.chess.com"]

[Event "Titled Tuesday Blitz January 31 Late 2023"]
[White "Hartikainen, Jarmo"]
[Black "Al-Tarboush, Ward"]
[WhiteFideId "503134"]
[BlackFideId "7601450"]
[WhiteElo "2108"]
[BlackElo "2256"]
[Result "1-0"]
[Round "01"]
[TimeControl "180+2"]
[Date "2023.01.31"]
[WhiteClock "0:00:01"]
[BlackClock "0:00:01"]

1. e4 c5 2. c3 d5 3. exd5 Qxd5 4. d4 Nc6 5. Nf3 Bg4 6. Be2 Nf6 7. Na3 e6 8. O-O cxd4 9. Nb5 O-O-O 10. Nbxd4 e5 11. Nxc6 Qxc6 12. Qc2 Bd6 13. Be3 Qc7 14. h3 h5 15. a4 Kb8 16. a5 Nd5 17. a6 b6 18. Qb3 e4 19. Nd4 f5 20. Nb5 Qd7 21. Nxd6 Qxd6 22. Bc4 Nxe3 23. fxe3 Bxh3 24. Rf2 Qg3 25. Bf1 f4 26. Qf7 Rd7 27. Qxf4+ Qxf4 28. Rxf4 Bg4 29. Rxe4 Rd2 30. Re7 Rxb2 31. Rb7+ Ka8 32. Bc4 Rd8 33. Rxg7 Rbd2 34. e4 R2d7 35. Bd5+ Kb8 36. Rxd7 Rxd7 37. Rf1 Kc7 38. Rf6 Re7 39. Kf2 Bd1 40. Ke3 Bc2 41. Rh6 Bd1 42. Rg6 Ba4 43. Rf6 Bb5 44. Bb7 Re5 45. Kf4 Rc5 46. Rf5 Kd6 47. Rxc5 bxc5 48. Kf5 Ke7 49. e5 1-0


[Site "https://www.chess.com"]

[Event "Titled Tuesday Blitz January 31 Late 2023"]
[White "EdmundPlayer"]
[Black "Sivakumar, Shaaketh"]
[BlackFideId "30940176"]
[WhiteElo "2313"]
[BlackElo "2337"]
[Result "0-1"]
[Round "01"]
[TimeControl "180+2"]
[Date "2023.01.31"]
[WhiteClock "0:00:04"]
[BlackClock "0:01:00"]

1. e4 e6 2. d4 d5 3. Nc3 Bb4 4. Ne2 Nf6 5. e5 Nfd7 6. Be3 c5 7. a3 Bxc3+ 8. bxc3 Nc6 9. Nf4 Qa5 10. Qd2 cxd4 11. cxd4 Qxd2+ 12. Kxd2 Nb6 13. Rb1 Na5 14. Bb5+ Bd7 15. Nh5 Bxb5 16. Rxb5 Nac4+ 17. Ke2 Nxa3 18. Rb3 Nxc2 19. Nxg7+ Ke7 20. Bg5+ Kd7 21. Kd3 Rhc8 22. Nh5 Rc4 23. Nf6+ Kc6 24. Rc3 Nb4+ 25. Kd2 a5 26. Rb1 Na4 27. Rcc1 Nb6 28. Nxh7 Rxc1 29. Rxc1+ Nc4+ 30. Ke2 a4 31. h4 a3 32. Bf6 a2 33. h5 a1=Q 34. Rxa1 Rxa1 35. Ng5 Rh1 36. Nh3 Nc2 37. h6 Nxd4+ 38. Kd3 Rd1+ 39. Kc3 Ne2+ 40. Kc2 Rd2+ 41. Kb3 Rb2+ 42. Ka4 b5# 0-1


[Site "https://www.chess.com"]

[Event "Titled Tuesday Blitz January 31 Late 2023"]
[White "CheckBits"]
[Black "Hirneise, Jens"]
[BlackFideId "24614734"]
[WhiteElo "2478"]
[BlackElo "2277"]
[Result "1/2-1/2"]
[Round "01"]
[TimeControl "180+2"]
[Date "2023.01.31"]
[WhiteClock "0:00:12"]
[BlackClock "0:00:32"]

1. e4 d5 2. exd5 Nf6 3. d4 Nxd5 4. h3 g6 5. Nf3 Bg7 6. Bc4 O-O 7. O-O a6 8. Re1 Nc6 9. c3 h6 10. Nbd2 Re8 11. Ne4 b5 12. Bf1 Nb6 13. Bf4 Be6 14. Nc5 Bd5 15. Ne5 Nxe5 16. Bxe5 Bxe5 17. Rxe5 Qd6 18. Qg4 Kg7 19. a4 Bc4 20. Qf3 Bxf1 21. Rxf1 Nxa4 22. Nxa4 bxa4 23. Ra1 Rab8 24. Qe2 e6 25. Rxa4 Rb6 26. Rea5 Reb8 27. b4 Rc6 28. Rxa6 Qd5 29. Rxc6 Qxc6 30. Qe5+ f6 31. Ra6 Qxc3 32. Qxe6 Qc1+ 33. Kh2 Qf4+ 34. Kg1 Qc1+ 35. Kh2 Qf4+ 36. Kg1 Qc1+ 1/2-1/2


[Site "https://www.chess.com"]

[Event "Titled Tuesday Blitz January 31 Late 2023"]
[White "Moral Garcia, Serafin"]
[Black "Almedina Ortiz, Edgardo J."]
[WhiteFideId "2201925"]
[BlackFideId "3100197"]
[WhiteElo "2238"]
[BlackElo "2156"]
[Result "1-0"]
[Round "01"]
[TimeControl "180+2"]
[Date "2023.01.31"]
[WhiteClock "0:01:21"]
[BlackClock "0:00:08"]

1. c4 e5 2. Nc3 Nc6 3. g3 Bc5 4. Bg2 a6 5. e3 d6 6. Nge2 Ba7 7. d4 exd4 8. exd4 Nge7 9. h3 O-O 10. O-O Nf5 11. Be3 Re8 12. Qd2 Nxe3 13. fxe3 Qg5 14. Nd5 Be6 15. Rac1 Rac8 16. b4 Bxd5 17. cxd5 Nxd4 18. Nxd4 Qxe3+ 19. Qxe3 Rxe3 20. Rfd1 Rxg3 21. Kh2 Ra3 22. Nf5 Kf8 23. Nxd6 Rd8 24. Nxb7 Re8 25. Rxc7 Bb8 26. d6 Bxc7 27. dxc7 Rc3 28. Nc5 Ke7 29. Bb7 Kf6 30. c8=Q Re2+ 31. Kg1 1-0


[Site "https://www.chess.com"]

[Event "Titled Tuesday Blitz January 31 Late 2023"]
[White "Migot, Tangi"]
[Black "Curtis, John"]
[WhiteFideId "662445"]
[BlackFideId "3200256"]
[WhiteElo "2373"]
[BlackElo "2292"]
[Result "1-0"]
[Round "01"]
[TimeControl "180+2"]
[Date "2023.01.31"]
[WhiteClock "0:01:29"]
[BlackClock "0:00:44"]

1. d4 Nf6 2. Nc3 d5 3. Bg5 Nbd7 4. Qd3 c6 5. Nf3 h6 6. Bxf6 Nxf6 7. O-O-O g6 8. e4 dxe4 9. Nxe4 Nxe4 10. Qxe4 Bg7 11. Bc4 Bf5 12. Qe2 O-O 13. Ne5 Qc8 14. g4 Bxe5 15. Qxe5 Be6 16. Bxe6 Qxe6 17. Qf4 Kg7 18. Kb1 Qf6 19. Qxf6+ Kxf6 20. h4 Rad8 21. Rhe1 Rd5 22. c4 Rd7 23. Kc2 e6 24. Re3 g5 25. Rf3+ Kg6 26. h5+ Kg7 27. Ra3 a6 28. Rad3 f5 29. gxf5 Rxf5 30. R1d2 Rdf7 31. Re3 Rxf2 32. Rxe6 Rxd2+ 33. Kxd2 Rf2+ 34. Kc3 Rh2 35. d5 cxd5 36. cxd5 Rxh5 37. d6 g4 38. Kc4 Kf7 39. Re7+ Kf6 40. Re4 Rg5 41. d7 Rg8 42. Re8 Rxe8 43. dxe8=Q 1-0


[Site "https://www.chess.com"]

[Event "Titled Tuesday Blitz January 31 Late 2023"]
[White "Reprintsev, Alexander"]
[Black "Aung Thant Zin"]
[WhiteFideId "14100541"]
[BlackFideId "13000063"]
[WhiteElo "2253"]
[BlackElo "2268"]
[Result "1-0"]
[Round "01"]
[TimeControl "180+2"]
[Date "2023.01.31"]
[WhiteClock "0:00:07"]
[BlackClock "0:00:08"]

1. e4 c5 2. b3 Nc6 3. Bb2 d6 4. Bb5 Bd7 5. Ne2 e5 6. O-O Nf6 7. d3 Be7 8. Nd2 O-O 9. Ng3 Re8 10. f4 Ng4 11. Bxc6 bxc6 12. fxe5 dxe5 13. Qe2 Bg5 14. Nc4 f6 15. h3 Nh6 16. Nd6 Re7 17. Ndf5 Nxf5 18. Nxf5 Bxf5 19. Rxf5 Bh6 20. Raf1 Qa5 21. a4 Qb6 22. Kh1 Rd8 23. Qf2 Qc7 24. Qxc5 Re6 25. Bc1 Bxc1 26. Rxc1 g6 27. Rf2 Kg7 28. Rcf1 Rdd6 29. Qe3 Qd7 30. Qg3 c5 31. h4 h5 32. Kh2 Qe7 33. Qh3 Rd4 34. Rf3 a5 35. R1f2 Rdd6 36. Kg1 Rd4 37. Kf1 Rdd6 38. Ke2 Rd4 39. g4 hxg4 40. Qxg4 f5 41. Qg5 Qxg5 42. hxg5 f4 43. Rh3 c4 44. bxc4 Rb6 45. Rfh2 Kf7 46. Rh7+ Ke6 47. R2h6 Kd6 48. Rxg6+ Kc5 49. Rd7 Rxd7 50. Rg8 Rbb7 51. Rc8+ Kd6 52. Re8 Re7 53. Rd8+ Ke6 54. Ra8 Ra7 55. Rb8 Kf7 56. Rb6 Kg7 57. Kf3 Rf7 58. c5 Rfc7 59. c6 Kg6 60. c3 Ra8 61. d4 exd4 62. cxd4 Kxg5 63. d5 Rac8 64. e5 Rh7 65. Ke4 Rh4 66. d6 Rh3 67. Kd5 Rd3+ 68. Ke6 f3 69. Kd7 Rh8 70. Rb1 f2 71. e6 Rd2 72. Rf1 Rf8 73. e7 Rf7 74. c7 Rc2 75. c8=Q Rxc8 76. Kxc8 Rf6 77. Kd7 Rxd6+ 78. Kxd6 Kg4 79. Rxf2 Kg3 80. e8=Q Kxf2 81. Qe5 Kf3 82. Qxa5 Kg4 83. Qe5 1-0


[Site "https://www.chess.com"]

[Event "Titled Tuesday Blitz January 31 Late 2023"]
[White "Acosta Cruz, Oscar Yosimar"]
[Black "Guzman, Christopher"]
[WhiteFideId "5111269"]
[BlackFideId "6405096"]
[WhiteElo "2098"]
[BlackElo "2271"]
[Result "1-0"]
[Round "01"]
[TimeControl "180+2"]
[Date "2023.01.31"]
[WhiteClock "0:00:58"]
[BlackClock "0:01:58"]

1. e4 c6 2. d3 d5 3. Nf3 Bg4 4. Nbd2 Nf6 5. h3 Bxf3 6. Qxf3 Nbd7 7. g3 e6 8. Bg2 Bc5 9. O-O O-O 10. Re1 a5 11. a4 e5 12. Nb3 dxe4 13. dxe4 Be7 14. Be3 Qc7 15. Rad1 Rfd8 16. g4 h6 17. Bf1 Nb6 18. h4 Nxa4 19. g5 hxg5 20. hxg5 Nh7 21. Qf5 g6 22. Qg4 Nxb2 23. Rb1 Na4 24. Kg2 b5 25. Be2 Nc3 26. Rh1 Qd7 27. Qh4 Kf8 28. Qxh7 Bd6 29. Qh8+ Ke7 30. Qf6+ 1-0


[Site "https://www.chess.com"]

[Event "Titled Tuesday Blitz January 31 Late 2023"]
[White "O`Gorman, Tom"]
[Black "Souza, Gustavo Horokoski De"]
[WhiteFideId "2508249"]
[BlackFideId "2146584"]
[WhiteElo "2355"]
[BlackElo "1943"]
[Result "1-0"]
[Round "01"]
[TimeControl "180+2"]
[Date "2023.01.31"]
[WhiteClock "0:01:58"]
[BlackClock "0:01:56"]

1. Nf3 d5 2. c4 c6 3. e3 Nf6 4. Nc3 g6 5. d4 Bg7 6. Bd2 O-O 7. Be2 Nbd7 8. O-O Re8 9. b4 e5 10. cxd5 exd4 11. Nxd4 cxd5 12. Qb3 Nb6 13. Rfd1 Be6 14. a4 a6 15. a5 Nc4 16. Be1 Qe7 17. Nxe6 Qxe6 18. Rac1 Rac8 19. Nxd5 Nxa5 20. Nxf6+ 1-0


[Site "https://www.chess.com"]

[Event "Titled Tuesday Blitz January 31 Late 2023"]
[White "mestrefeitosa19"]
[Black "Roux, Baptiste"]
[BlackFideId "36017450"]
[WhiteElo "2069"]
[BlackElo "2300"]
[Result "0-1"]
[Round "01"]
[TimeControl "180+2"]
[Date "2023.01.31"]
[WhiteClock "0:00:10"]
[BlackClock "0:00:18"]

1. c4 c5 2. Nc3 Nc6 3. Nf3 g6 4. e3 Bg7 5. d4 cxd4 6. exd4 d6 7. Be2 Nf6 8. O-O O-O 9. d5 Nb8 10. h3 Nbd7 11. Be3 b6 12. Bd4 Qc7 13. Nb5 Qb8 14. Rc1 a6 15. Nc3 Nc5 16. Re1 Bf5 17. Nh4 Nfe4 18. Bxg7 Kxg7 19. Nxf5+ gxf5 20. Nxe4 fxe4 21. b4 Nd7 22. Qd4+ Nf6 23. Bg4 a5 24. b5 Qc7 25. Bf5 h6 26. Bxe4 Rac8 27. Bf5 Qc5 28. Qxc5 Rxc5 29. Rxe7 Nxd5 30. Rd7 Nf6 31. Rxd6 Rxf5 32. Rxb6 Rc8 33. Ra6 Rxb5 34. cxb5 Rxc1+ 35. Kh2 a4 36. Rxa4 Rb1 37. Ra5 Ne4 38. a4 h5 39. f3 Nc3 40. Ra6 Rb4 41. Rc6 Nxa4 42. Rc5 Nxc5 0-1


[Site "https://www.chess.com"]

[Event "Titled Tuesday Blitz January 31 Late 2023"]
[White "Riff, Vincent"]
[Black "kiwibobo"]
[WhiteFideId "617776"]
[WhiteElo "2383"]
[BlackElo "2087"]
[Result "1-0"]
[Round "01"]
[TimeControl "180+2"]
[Date "2023.01.31"]
[WhiteClock "0:01:11"]
[BlackClock "0:00:15"]

1. e4 e5 2. Nf3 Nc6 3. Bb5 a6 4. Ba4 Nf6 5. O-O b5 6. Bb3 Bc5 7. a4 Rb8 8. Nxe5 Nxe5 9. d4 Bxd4 10. Qxd4 d6 11. f4 Nc6 12. Qc3 Bb7 13. e5 Ne4 14. Qh3 O-O 15. e6 Qf6 16. exf7+ Kh8 17. Nc3 Nd4 18. Be3 Nxb3 19. Nxe4 Bxe4 20. cxb3 Rxf7 21. axb5 axb5 22. Rae1 Qxb2 23. Bc1 Qd4+ 24. Be3 Qd5 25. Rd1 Qc6 26. Bd4 Rbf8 27. Qg3 d5 28. f5 Qd6 29. Be5 Qc5+ 30. Kh1 Qc2 31. Rde1 Bxf5 32. Rf2 Qd3 33. Bxg7+ Rxg7 34. Qxd3 Bxd3 35. Rxf8+ Rg8 36. Rxg8+ Kxg8 37. Rc1 Kf7 38. Rxc7+ Ke6 39. Kg1 Ke5 40. Kf2 Kd4 41. g4 Be4 42. g5 Ke5 43. h4 Kf5 44. Rxh7 Kg4 45. Rh6 Bc2 46. g6 Bxb3 47. g7 d4 48. Rd6 Kxh4 49. Rd8 Kg4 50. g8=Q+ Bxg8 51. Rxg8+ Kf4 52. Ke2 Ke4 53. Rg4+ Kd5 54. Kd3 Kc5 55. Rxd4 1-0


[Site "https://www.chess.com"]

[Event "Titled Tuesday Blitz January 31 Late 2023"]
[White "Slade, Theodore"]
[Black "Levine, David"]
[WhiteFideId "426547"]
[BlackFideId "2011611"]
[WhiteElo "1995"]
[BlackElo "2040"]
[Result "1-0"]
[Round "01"]
[TimeControl "180+2"]
[Date "2023.01.31"]
[WhiteClock "0:02:26"]
[BlackClock "0:01:37"]

1. d4 d5 2. c4 dxc4 3. Nf3 Nf6 4. e3 e6 5. Bxc4 c5 6. O-O cxd4 7. Qxd4 Qxd4 8. Nxd4 a6 9. b3 Bd7 10. Bb2 Nc6 11. Nd2 Bc5 12. N2f3 Nxd4 13. Nxd4 Rc8 14. Rac1 Ke7 15. Rfd1 Rhd8 16. f3 e5 17. Nc2 e4 18. Bxf6+ Kxf6 19. fxe4 Ke7 20. Nd4 g6 21. Rf1 f6 22. Bd5 Bc6 23. Rxc5 1-0


[Site "https://www.chess.com"]

[Event "Titled Tuesday Blitz January 31 Late 2023"]
[White "Shapiro, Bryan"]
[Black "Liu, Eric"]
[WhiteFideId "2087740"]
[BlackFideId "30960240"]
[WhiteElo "1972"]
[BlackElo "2299"]
[Result "0-1"]
[Round "01"]
[TimeControl "180+2"]
[Date "2023.01.31"]
[WhiteClock "0:00:51"]
[BlackClock "0:00:46"]

1. d4 g6 2. e4 Bg7 3. Nf3 d6 4. c4 Nd7 5. Nc3 a6 6. Bd3 b6 7. O-O e6 8. Re1 Ne7 9. Bg5 h6 10. Bh4 O-O 11. Bc2 Bb7 12. e5 dxe5 13. dxe5 Re8 14. Be4 Bxe4 15. Nxe4 Nxe5 16. Nxe5 Bxe5 17. Nf6+ Bxf6 18. Bxf6 Qd6 19. Qxd6 cxd6 20. Rad1 Nc8 21. f4 Ra7 22. Kf2 Rc7 23. b3 b5 24. cxb5 axb5 25. Rc1 Ra7 26. Rc2 Nb6 27. Bd4 Ra6 28. Rc6 Rxa2+ 29. Kf3 Nd5 30. Rxd6 Ra3 31. Rb1 Rc8 32. g3 Ra2 33. h3 Kf8 34. Kg4 Ke7 35. Be5 f6 36. Re1 fxe5 37. fxe5 Rg2 38. Kf3 Rgc2 39. Ra6 R8c3+ 40. Kg4 Rg2 41. Ra7+ Kd8 42. Ra8+ Kc7 43. Ra7+ Kb6 44. Rf7 Rgxg3+ 45. Kh4 Rxh3+ 46. Kg4 Rcg3# 0-1


[Site "https://www.chess.com"]

[Event "Titled Tuesday Blitz January 31 Late 2023"]
[White "Desideri, Ricardo Maruchi"]
[Black "Toncheva, Nadya"]
[WhiteFideId "2110440"]
[BlackFideId "2924056"]
[WhiteElo "1959"]
[BlackElo "2295"]
[Result "0-1"]
[Round "01"]
[TimeControl "180+2"]
[Date "2023.01.31"]
[WhiteClock "0:01:27"]
[BlackClock "0:01:33"]

1. e4 c5 2. Nf3 e6 3. d4 cxd4 4. Nxd4 a6 5. Nc3 Qc7 6. Be3 Bb4 7. Qd2 Nf6 8. f3 d5 9. e5 Qxe5 10. O-O-O Qc7 11. Bg5 Nbd7 12. Bd3 Bxc3 13. bxc3 h6 14. Bh4 O-O 15. Rde1 b5 16. g4 Nh7 17. f4 Nc5 18. Bxh7+ Kxh7 19. g5 Ne4 20. Qd3 Qxc3 21. gxh6 Qa1# 0-1


[Site "https://www.chess.com"]

[Event "Titled Tuesday Blitz January 31 Late 2023"]
[White "TheKnightOfBosnia"]
[Black "Munoz Misselis, Nelson Carlos"]
[BlackFideId "6601790"]
[WhiteElo "2502"]
[BlackElo "1730"]
[Result "1-0"]
[Round "01"]
[TimeControl "180+2"]
[Date "2023.01.31"]
[WhiteClock "0:00:15"]
[BlackClock "0:00:10"]

1. e4 d6 2. d4 Nf6 3. Bd3 Nbd7 4. Nf3 e5 5. c3 Be7 6. O-O O-O 7. Nbd2 c6 8. a4 Qc7 9. Re1 Re8 10. dxe5 Nxe5 11. Nxe5 dxe5 12. Nc4 a5 13. Be3 c5 14. Bg5 h6 15. Bxf6 Bxf6 16. Ne3 Be6 17. Bc4 Rad8 18. Qe2 b6 19. Rad1 Rxd1 20. Rxd1 Rd8 21. Bd5 Qe7 22. Rd3 g6 23. Qd1 Kg7 24. Nc4 Qc7 25. Bxe6 Rxd3 26. Qxd3 fxe6 27. Qd6 Qxd6 28. Nxd6 Bd8 29. Kf1 Kf6 30. Ke2 Ke7 31. Nb5 Kd7 32. Kd3 Kc6 33. Na3 Bg5 34. Nc4 Bf6 35. b3 h5 36. g3 Bg7 37. f3 Bf6 38. g4 hxg4 39. fxg4 Bg7 40. Nd2 Bf6 41. Kc4 Bg5 42. Nf3 Bf4 43. h4 Bg3 44. h5 gxh5 45. gxh5 Bf4 46. Nh4 Bh6 47. Nf3 Bf4 48. Kd3 b5 49. Nh4 bxa4 50. bxa4 Kd6 51. Kc4 Kc6 52. Ng2 Bg5 53. Ne1 Bd2 54. Nf3 Bf4 55. h6 Bxh6 56. Nxe5+ Kd6 57. Nd3 Be3 58. Kb5 c4 59. Kxc4 Kc6 60. Ne1 Bd2 61. Nc2 e5 62. Na1 Bf4 63. Nb3 Kb6 64. Nc5 Be3 65. Nd7+ Kc6 66. Nxe5+ Kd6 67. Nd3 Ke6 68. Kb5 Bd2 69. c4 Bc3 70. c5 Kd7 71. c6+ Kc7 72. e5 Bd4 73. Kc4 Be3 74. Kd5 Bf4 75. e6 Bg5 76. Nc5 Be7 77. Nb3 Kb6 78. Nxa5 Kxa5 79. c7 1-0


[Site "https://www.chess.com"]

[Event "Titled Tuesday Blitz January 31 Late 2023"]
[White "Erdogdu, Mert"]
[Black "Carlsen, Magnus"]
[WhiteFideId "6301495"]
[BlackFideId "1503014"]
[WhiteElo "2413"]
[BlackElo "2853"]
[Result "1-0"]
[Round "02"]
[TimeControl "180+2"]
[Date "2023.01.31"]
[WhiteClock "0:00:03"]
[BlackClock "0:00:11"]

1. e4 g5 2. d4 h6 3. Nc3 d6 4. Be3 Nc6 5. h4 g4 6. Nge2 Nf6 7. Qd2 a6 8. O-O-O Bg7 9. Kb1 b5 10. Ng3 b4 11. Nd5 h5 12. Nxb4 Nxb4 13. Qxb4 a5 14. Qa4+ Bd7 15. Bb5 Rb8 16. Bxd7+ Qxd7 17. Qxd7+ Nxd7 18. Nf5 Bf6 19. Bc1 c5 20. c3 cxd4 21. cxd4 Rb6 22. Bg5 e6 23. Bxf6 Nxf6 24. Ng3 Kd7 25. Rd3 Rhb8 26. b3 a4 27. Kb2 Rb4 28. Rc1 d5 29. e5 Ne4 30. Rc2 Ke7 31. Nxh5 Nxf2 32. Rxf2 Rh8 33. Nf6 Rxh4 34. g3 Rh3 35. Nxg4 Rb8 36. Ne3 Rh1 37. Nc2 Rg1 38. Rdf3 Rf8 39. Rc3 axb3 40. axb3 Kd7 41. Nb4 Rd1 42. Nd3 Rg1 43. Nc5+ Ke7 44. b4 Rb8 45. Rb3 Rd1 46. Kc3 Rc1+ 47. Rc2 Rg1 48. Kb2 Rb5 49. Na4 Kd7 50. Nc3 Rb8 51. b5 Rxg3 52. Rd2 Ra8 53. Rf2 Rg7 54. b6 Kc6 55. Rc2 Kb7 56. Rb4 Rgg8 57. Na4 Ka6 58. Nc5+ Ka5 59. Rb3 Rab8 60. b7 Rg4 61. Ka3 Rg1 62. Ra2 1-0


[Site "https://www.chess.com"]

[Event "Titled Tuesday Blitz January 31 Late 2023"]
[White "Nakamura, Hikaru"]
[Black "Krysa, Leandro"]
[WhiteFideId "2016192"]
[BlackFideId "116807"]
[WhiteElo "2775"]
[BlackElo "2541"]
[Result "1-0"]
[Round "02"]
[TimeControl "180+2"]
[Date "2023.01.31"]
[WhiteClock "0:01:35"]
[BlackClock "0:00:03"]

1. Nf3 d5 2. e3 Nf6 3. c4 e6 4. d4 b6 5. Bd3 Bd6 6. Nc3 Bb7 7. cxd5 exd5 8. Bd2 O-O 9. Rc1 a6 10. O-O Nbd7 11. Be1 Re8 12. a3 Ne4 13. b4 f5 14. Qb3 Ndf6 15. b5 a5 16. a4 Kh8 17. Ne2 Qd7 18. Bc3 Nxc3 19. Rxc3 Ne4 20. Rc2 g5 21. Rfc1 Rac8 22. Ne5 Bxe5 23. dxe5 Rxe5 24. Qb2 Qg7 25. Nd4 f4 26. Bxe4 Rxe4 27. Rc3 fxe3 28. fxe3 g4 29. Qc2 Qe5 30. Rxc7 Rxc7 31. Qxc7 Qe7 32. Qb8+ 1-0


[Site "https://www.chess.com"]

[Event "Titled Tuesday Blitz January 31 Late 2023"]
[White "So, Wesley"]
[Black "Nazari, Arad"]
[WhiteFideId "5202213"]
[BlackFideId "12577324"]
[WhiteElo "2760"]
[BlackElo "2367"]
[Result "1-0"]
[Round "02"]
[TimeControl "180+2"]
[Date "2023.01.31"]
[WhiteClock "0:01:25"]
[BlackClock "0:00:06"]

1. e4 c5 2. Nf3 d6 3. Bb5+ Nd7 4. a4 e6 5. a5 Nf6 6. Nc3 Be7 7. O-O O-O 8. a6 bxa6 9. Bxa6 Bxa6 10. Rxa6 Qc8 11. Qe2 Qb7 12. b3 Ng4 13. Bb2 Nge5 14. Nxe5 Nxe5 15. Qb5 Rfb8 16. Qa4 c4 17. f4 Ng4 18. Qxc4 d5 19. exd5 Rc8 20. Rc6 exd5 21. Nxd5 Bf8 22. Rxc8 Rxc8 23. Qd3 Bc5+ 24. Ne3 Re8 25. Qc3 Bxe3+ 26. dxe3 f6 27. Qc4+ Kh8 28. Bd4 Nxe3 29. Qe2 Qe4 30. Bxe3 Qxe3+ 31. Qxe3 Rxe3 32. Kf2 Rc3 33. Rc1 h5 34. Ke2 Kh7 35. Kd2 Rc7 36. c4 Kg6 37. c5 Kf5 38. Ke3 Re7+ 39. Kf3 Re4 40. c6 Rxf4+ 41. Kg3 g5 42. h3 1-0


[Site "https://www.chess.com"]

[Event "Titled Tuesday Blitz January 31 Late 2023"]
[White "Milikow, Yoav"]
[Black "Dubov, Daniil"]
[WhiteFideId "2822237"]
[BlackFideId "24126055"]
[WhiteElo "2394"]
[BlackElo "2708"]
[Result "1/2-1/2"]
[Round "02"]
[TimeControl "180+2"]
[Date "2023.01.31"]
[WhiteClock "0:00:12"]
[BlackClock "0:00:06"]

1. d4 d5 2. c4 e6 3. Nc3 Nf6 4. cxd5 exd5 5. Bg5 Be7 6. e3 h6 7. Bh4 Bg4 8. Qb3 Nbd7 9. h3 Be6 10. Nf3 O-O 11. Be2 Ne4 12. Bxe7 Qxe7 13. O-O Rab8 14. Bd3 Ndf6 15. Rfd1 Rfe8 16. Rac1 c5 17. Qa3 b5 18. Qa5 b4 19. Na4 c4 20. Bf1 Bf5 21. Ne5 Rec8 22. Nxc4 Nxf2 23. Kxf2 Ne4+ 24. Kg1 Qg5 25. Qxd5 Rxc4 26. Bxc4 Qxe3+ 27. Kh2 Qf4+ 28. Kg1 Qe3+ 29. Kh2 Qg3+ 30. Kg1 Qe3+ 1/2-1/2


[Site "https://www.chess.com"]

[Event "Titled Tuesday Blitz January 31 Late 2023"]
[White "Yu, Yangyi"]
[Black "Golubka, Petro"]
[WhiteFideId "8603820"]
[BlackFideId "14114224"]
[WhiteElo "2729"]
[BlackElo "2371"]
[Result "1-0"]
[Round "02"]
[TimeControl "180+2"]
[Date "2023.01.31"]
[WhiteClock "0:00:22"]
[BlackClock "0:00:52"]

1. Nf3 Nf6 2. g3 b6 3. Bg2 Bb7 4. O-O e6 5. c4 Be7 6. Nc3 O-O 7. Re1 Ne4 8. d4 Nxc3 9. bxc3 Be4 10. Bh3 Bxf3 11. exf3 Nc6 12. f4 Na5 13. Qd3 g6 14. Bg2 c6 15. h4 d5 16. cxd5 cxd5 17. h5 Qd7 18. g4 gxh5 19. g5 Rac8 20. f5 exf5 21. Bh3 Rc6 22. Bxf5 Qd8 23. f4 f6 24. Bxh7+ Kh8 25. Qg6 f5 26. Qxh5 Kg7 27. Re5 Qd7 28. Re2 Qe8 29. Qxe8 Rxe8 30. Bxf5 Rxc3 31. Bd7 Kf8 32. Bxe8 Kxe8 33. Bd2 Rd3 34. Bxa5 bxa5 35. Rae1 1-0


[Site "https://www.chess.com"]